Map: [TLMC15] Curious Minds

Players

DPGrogue (Rogue)

  • Race: Zerg Zerg

LiquidClem (Clem) - Winner!

  • Race: Terran Terran

Event: StayAtHome Story Cup #4

VOD

Have the link to the VOD?

Description

Time

  • Played on: Oct. 22, 2021, 10:12 a.m.
  • Length: 12:03

All games in this series

Show
View Real Time Build Order
Export as new Build Order

DPGrogue Zerg 

Build Orders: Hatch First 

Get SALT Encoding   

  12  0:00  Drone  
  13  0:12  Overlord  
  13  0:17  Drone  
  14  0:30  Drone  
  14  0:31  Drone  
  16  0:49  Hatchery  
  15  0:51  Drone  
  15  0:55  Drone  
  17  0:57  Drone  
  18  1:09  Extractor  
  17  1:14  Spawning Pool  
  17  1:16  Drone  
  17  1:22  Drone  
  18  1:30  Drone  
  19  1:39  Drone  
  20  1:51  Drone  
  21  2:02  Queen x2, Zergling x2  
  21  2:03  Zergling x2  
  27  2:11  Overlord  
  26  2:18  Overlord  
  26  2:22  Zergling x2  
  27  2:24  Zergling x2  
  27  2:28  Metabolic Boost  
  27  2:33  Zergling x2  
  27  2:35  Zergling x2  
  28  2:43  Zergling x2  
  29  2:48  Queen  
  30  2:52  Zergling x2  
  30  2:54  Zergling x2  
  30  2:56  Zergling x2  
  33  3:04  Zergling x2  
  34  3:11  Zergling x2  
  34  3:12  Zergling x6  
  37  3:13  Zergling x2  
  37  3:17  Zergling x2  
  38  3:20  Zergling x2  
  38  3:22  Zergling x2  
  37  3:27  Zergling x2  
  37  3:28  Zergling x2  
  37  3:32  Zergling x2  
  37  3:41  Drone x2  
  37  3:46  Drone  
  37  3:47  Drone x2  
  42  3:52  Overlord  
  42  3:59  Drone  
  43  4:04  Drone  
  43  4:08  Overlord  
  43  4:13  Queen  
  43  4:15  Drone  
  43  4:16  Drone  
  47  4:20  Drone x2  
  49  4:26  Drone x2  
  51  4:34  Drone  
  51  4:37  Drone  
  53  4:45  Hatchery  
  52  4:49  Queen  
  54  4:53  Drone x2  
  54  4:57  Queen  
  58  5:02  Overlord  
  58  5:06  Drone x2  
  60  5:12  Overlord x2  
  56  5:15  Overlord  
  56  5:20  Zergling x2  
  56  5:21  Zergling x6  
  60  5:25  Queen  
  62  5:32  Zergling x6  
  61  5:38  Zergling x2  
  61  5:39  Zergling x4  
  61  5:40  Zergling x2  
  54  5:43  Queen  
  54  5:48  Zergling x4  
  56  5:53  Zergling x2  
  54  6:00  Zergling x4  
  54  6:01  Zergling x2  
  54  6:03  Queen  
  56  6:08  Zergling x8  
  59  6:13  Zergling x6  
  59  6:16  Queen  
  59  6:17  Zergling x2  
  62  6:19  Queen  
  62  6:20  Spore Crawler  
  60  6:26  Spore Crawler  
  60  6:29  Drone  
  60  6:30  Drone x4  
  64  6:38  Drone  
  64  6:39  Drone x3  
  68  6:43  Overlord  
  68  6:45  Lair  
  68  6:49  Extractor  
  68  6:52  Drone  
  68  6:53  Drone x4  
  72  6:57  Spore Crawler  
  70  7:03  Queen  
  70  7:06  Overlord  
  70  7:07  Drone x3  
  75  7:11  Drone  
  73  7:18  Drone x6  
  77  7:26  Drone x2  
  76  7:32  Drone x4  
  76  7:34  Drone  
  72  7:37  Queen  
  72  7:39  Queen  
  72  7:40  Drone  
  76  7:46  Zergling x8  
  76  7:51  Zergling x4  
  77  7:53  Spire  
  77  7:55  Zergling x6  
  77  7:56  Extractor x2  
  77  7:57  Extractor x2  
  74  8:01  Queen  
  74  8:02  Overlord  
  76  8:06  Zergling x2  
  76  8:07  Zergling x2  
  78  8:12  Drone  
  78  8:13  Drone x2  
  78  8:16  Queen  
  76  8:20  Spore Crawler  
  76  8:22  Drone x2, Queen  
  76  8:25  Drone  
  77  8:30  Drone x3  
  77  8:31  Drone  
  78  8:37  Queen  
  78  8:50  Drone x4  
  78  8:51  Drone x4, Queen  
  88  9:01  Overlord  
  88  9:08  Zerg Flyer Weapons Level 1  
  88  9:12  Corruptor  
  88  9:13  Corruptor x3  
  96  9:22  Corruptor x2  
  99  9:24  Overlord x2  
  99  9:33  Drone  
  99  9:36  Evolution Chamber, Baneling Nest  
  99  9:37  Evolution Chamber  
  96  9:40  Drone x2  
  98  9:48  Corruptor x2  
  99  9:52  Hatchery  
  99  9:56  Corruptor x2  
  102  10:13  Corruptor x2  
  104  10:15  Drone x9  
  104  10:17  Overseer  
  115  10:26  Corruptor  
  115  10:27  Drone  
  110  10:29  Drone  
  110  10:34  Zergling x2  
  110  10:35  Zergling x14  
  110  10:38  Centrifugal Hooks  
  107  10:43  Extractor  
  107  10:46  Extractor  
  107  10:48  Zergling x8  
  103  10:59  Drone x3  
  102  11:06  Drone x3  
  102  11:07  Drone  
  106  11:14  Drone  
  102  11:25  Corruptor  
  102  11:26  Corruptor x2  
  102  11:27  Roach Warren  
  102  11:28  Drone x2  
  102  11:29  Drone  
  110  11:34  Overlord  
  110  11:36  Drone  
  111  11:41  Drone x3  
Show
View Real Time Build Order
Export as new Build Order

LiquidClem Terran - Winner!

Build Orders:  

Get SALT Encoding   

  12  0:00  SCV  
  13  0:12  SCV  
  14  0:17  Supply Depot  
  14  0:24  SCV  
  15  0:39  Barracks  
  15  0:44  Refinery  
  15  0:56  Barracks  
  15  1:01  SCV  
  16  1:13  SCV  
  16  1:14  Refinery  
  17  1:27  Reaper  
  17  1:30  Orbital Command  
  18  1:43  Reaper  
  18  1:47  Supply Depot  
  19  2:00  Bunker  
  19  2:05  Reaper  
  20  2:09  SCV  
  21  2:20  Reaper  
  22  2:26  Factory  
  22  2:29  SCV  
  23  2:37  Reaper  
  23  2:42  SCV  
  25  2:50  Supply Depot  
  25  2:52  Reaper  
  25  2:54  SCV  
  27  3:08  SCV  
  27  3:09  Reaper  
  27  3:11  Factory Reactor  
  29  3:26  Reaper  
  30  3:27  SCV  
  29  3:40  Command Center  
  26  3:43  SCV  
  26  3:45  Reaper  
  26  3:47  Hellion  
  30  3:52  Hellion  
  32  4:00  Starport  
  32  4:04  Reaper  
  33  4:10  Supply Depot  
  33  4:15  Hellion  
  35  4:20  Hellion  
  35  4:23  SCV  
  38  4:35  SCV, Reaper  
  38  4:36  Reaper  
  41  4:40  Fusion Core  
  41  4:48  Hellion  
  41  4:50  Hellion  
  45  4:55  SCV  
  45  4:57  Starport Tech Lab  
  47  5:07  SCV  
  47  5:11  Hellion  
  47  5:12  Hellion  
  49  5:15  Reaper  
  49  5:19  Orbital Command  
  49  5:21  SCV  
  50  5:38  Hellion  
  50  5:39  SCV, Hellion  
  55  5:46  SCV  
  56  5:51  Supply Depot, SCV  
  51  6:00  Battlecruiser  
  51  6:01  SCV  
  53  6:06  Hellion  
  53  6:09  Hellion  
  56  6:12  SCV  
  56  6:16  Reaper  
  56  6:18  SCV  
  56  6:26  SCV  
  56  6:30  Command Center  
  56  6:31  SCV  
  58  6:37  Hellion  
  58  6:38  Hellion  
  58  6:39  SCV  
  63  6:43  SCV  
  63  6:46  Armory  
  64  6:53  Supply Depot, Starport  
  62  6:56  Refinery  
  62  6:58  Refinery  
  62  6:59  SCV  
  62  7:01  SCV  
  64  7:10  Supply Depot  
  64  7:19  Battlecruiser  
  64  7:21  SCV, Hellion  
  71  7:24  Hellion  
  74  7:30  SCV  
  74  7:33  SCV  
  74  7:37  Starport Tech Lab  
  65  7:42  SCV, Orbital Command  
  65  7:43  Supply Depot  
  65  7:47  Hellion  
  65  7:48  SCV, Hellion  
  70  7:56  SCV  
  71  8:03  Battlecruiser  
  71  8:04  SCV  
  78  8:08  SCV  
  78  8:11  SCV  
  80  8:16  SCV, Weapon Refit  
  80  8:18  Hellion x2  
  82  8:20  SCV  
  82  8:26  Orbital Command  
  77  8:35  SCV  
  77  8:36  SCV  
  77  8:39  Hellion  
  77  8:40  Refinery  
  81  8:42  Supply Depot, Hellion  
  81  8:45  Refinery, Battlecruiser  
  89  8:50  SCV  
  90  8:56  Factory  
  90  8:59  Factory  
  90  9:00  Engineering Bay  
  90  9:01  SCV  
  90  9:02  SCV  
  92  9:03  SCV  
  92  9:05  Supply Depot  
  92  9:09  Hellion x2  
  97  9:14  SCV x2  
  97  9:15  Supply Depot  
  99  9:19  SCV  
  99  9:21  Battlecruiser  
  106  9:26  SCV x2  
  106  9:30  Supply Depot  
  108  9:31  Terran Vehicle And Ship Armor Level 1  
  108  9:33  Hellion  
  108  9:35  Hellion  
  108  9:36  SCV  
  108  9:38  SCV  
  114  9:39  SCV  
  114  9:42  Factory Tech Lab  
  115  9:48  SCV  
  115  9:50  SCV  
  115  9:51  SCV  
  118  9:53  Battlecruiser  
  118  9:54  Supply Depot  
  118  9:59  Hellion x2  
  128  10:01  Supply Depot  
  128  10:03  Mag-Field Accelerator  
  128  10:05  Cyclone  
  131  10:15  Command Center  
  131  10:19  Supply Depot  
  131  10:22  Factory Tech Lab  
  131  10:28  Hellion x2  
  135  10:30  Battlecruiser  
  141  10:37  Cyclone  
  141  10:38  Supply Depot  
  141  10:40  Supply Depot  
  141  10:41  Cyclone  
  147  10:52  Hellion x2  
  147  10:53  Factory  
  147  10:54  Factory  
  147  11:07  Supply Depot, Missile Turret  
  147  11:14  Refinery  
  147  11:15  Command Center  
  147  11:17  Refinery  
  147  11:22  Hellion x2  
  149  11:28  SCV x3  
  149  11:30  Cyclone  
  149  11:32  Supply Depot  
  155  11:39  Factory Tech Lab, Factory Reactor  
Tags
 
Add a new tag
Caveats
  • Supply blocks, unpowered buildings, or Contaminate may cause inaccurate times.
  • Supply counts are checked every 10 seconds.